 Dungeon Crawl Stone Soup version 0.30-a0-778-g2ef04afb54 (webtiles) character file.

Game seed: 3712063082964971577

2299 BigDaddyOpFi the Nimble (level 9, -2/55 HPs)
             Began as a Djinni Summoner on Feb 16, 2023.
             Slain by a cyan ugly thing (12 damage)
             ... on level 7 of the Dungeon.
             The game lasted 00:10:24 (6515 turns).

BigDaddyOpFi the Nimble (Djinni Summoner)           Turns: 6515, Time: 00:10:24

Health: -2/55      AC:  7    Str:  7    XL:     9   Next: 67%
Gold:   406        EV: 20    Int: 20    God:
                   SH:  0    Dex: 15

rFire   + + .      SeeInvis .    c - +0 war axe (freeze)
rCold   x . .      Faith    .    (no shield)
rNeg    . . .      Spirit   .    a - +1 robe
rPois   ∞          Reflect  .    n - +0 helmet
rElec   .          Harm     .    p - +1 cloak of Starlight {*Dazzle EV+4 Stlth--}
rCorr   +          Rampage  .    t - +0 pair of gloves
Will    .....                    (boots unavailable)
Stlth   +                        z - amulet of regeneration
HPRegen 1.09/turn                x - ring of resist corrosion
MPRegen 0.00/turn                (no ring)

@: flying
A: sickness immunity, fire resistance 2, cold vulnerability 1, float, innate
caster, HP casting, extra vitality 1
a: no special abilities


You were on level 7 of the Dungeon.
You visited 1 branch of the dungeon, and saw 7 of its levels.
You also visited: Sewer.

You collected 406 gold pieces.

Inventory:

Hand Weapons
 c - a +0 war axe of freezing (weapon)
Armour
 a - a +1 robe (worn)
 n - a +0 helmet (worn)
 p - the +1 cloak of Starlight (worn) {*Dazzle EV+4 Stlth--}
   (You found it on level 3 of the Dungeon)

   *Dazzle:   It may blind those who miss an attack against the wearer in melee
   combat.
   EV:        It affects your evasion (+4).
   Stlth:     It makes you much less stealthy.
 t - a +0 pair of gloves (worn)
Magical Staves
 m - a staff of conjuration
Jewellery
 x - a ring of resist corrosion (left hand)
 z - an amulet of regeneration (around neck)
 B - a ring of see invisible
Wands
 l - a wand of flame (16)
Scrolls
 b - 3 scrolls of poison
 d - 5 scrolls of teleportation
 g - 2 scrolls of fear
 j - 4 scrolls of vulnerability
 w - 4 scrolls of amnesia
 y - a scroll of torment
 A - a scroll of identify
Potions
 e - 6 potions of flight
 f - 2 potions of invisibility {unknown}
 h - a potion of cancellation {unknown}
 i - a potion of might {unknown}
 k - a potion of magic {unknown}
 o - a potion of mutation {unknown}
 q - 3 potions of degeneration {unknown}
 r - 3 potions of heal wounds {unknown}
 s - 4 potions of lignification {unknown}
 u - 4 potions of ambrosia {unknown}
 v - a potion of berserk rage {unknown}


   Skills:
 + Level 8.0 Dodging
 + Level 6.6 Stealth
 + Level 6.3 Spellcasting


You couldn't memorise any spells.
You knew the following spells:

 Your Spells              Type           Power      Damage    Failure   Level
a - Summon Small Mammal   Summ           100%       N/A       1%          1
b - Call Imp              Summ           31%        N/A       1%          2
c - Call Canine Familiar  Summ           31%        N/A       2%          3
d - Summon Guardian Gole  Hex/Summ       31%        N/A       2%          3
e - Summon Lightning Spi  Summ/Air       31%        N/A       8%          4
f - Magic Dart            Conj           100%       1d8       1%          1
g - Scorch                Fire           62%        2d8       1%          2
h - Static Discharge      Conj/Air       62%        2-5/arc   1%          2
i - Ignite Poison         Fire/Tmut/Pois 31%        N/A       2%          3
Your spell library was empty.

Dungeon Overview and Level Annotations

Branches:
Dungeon (7/15)              Sewer (visited)
 Temple: D:4-7

Altars:
Ashenzari
Yredelemnul
Zin

Shops:
D:1 [   D:5 *   D:6 *!


Innate Abilities, Weirdness & Mutations

You are immune to sickness and miasma.
You are immune to poison.
Your flesh is very heat resistant. (rF++)
You are vulnerable to cold. (rC-)
You float through the air rather than walking.
You learn spells naturally, not from books.
Your magical power is your life essence.
You have superior vitality. (+4 MHP)


Message History

Confirm with . or Enter, or press ? or * to list all spells.
Flames lash the vampire mosquito.
The vampire mosquito is moderately damaged.
The vampire mosquito's fire resistance burns away.
The cyan ugly thing barely misses you.
Your crimson imp hits the vampire mosquito.
Casting: Scorch (safe; 1% risk of failure)
Confirm with . or Enter, or press ? or * to list all spells.
Flames lash the cyan ugly thing.
The cyan ugly thing is lightly wounded.
The cyan ugly thing's fire resistance burns away.
The cyan ugly thing barely misses you.
Your crimson imp barely misses the vampire mosquito.
Casting: Scorch (safe; 1% risk of failure)
Confirm with . or Enter, or press ? or * to list all spells.
Flames lash the vampire mosquito.
The vampire mosquito is burned terribly!
You destroy the vampire mosquito!
The cyan ugly thing kicks you but does no damage.
Your Dodging skill increases to level 8!
Casting: Scorch (safe; 1% risk of failure)
Confirm with . or Enter, or press ? or * to list all spells.
Flames lash the cyan ugly thing.
The cyan ugly thing is burned terribly!
The cyan ugly thing is moderately wounded.
The cyan ugly thing kicks you but does no damage.
Your crimson imp hits the cyan ugly thing but does no damage.
Casting: Scorch (safe; 1% risk of failure)
Confirm with . or Enter, or press ? or * to list all spells.
Flames lash the cyan ugly thing.
The cyan ugly thing is burned terribly!
The cyan ugly thing is heavily wounded.
The cyan ugly thing misses you.
Your crimson imp barely misses the cyan ugly thing.
You hit the cyan ugly thing. You freeze the cyan ugly thing.
The cyan ugly thing is severely wounded.
The cyan ugly thing kicks you! The cyan ugly thing shocks you!
Your crimson imp barely misses the cyan ugly thing.
The cyan ugly thing kicks you!
* * * LOW HITPOINT WARNING * * *
The cyan ugly thing shocks you!
You die...

....<)......#.##.##.## #.
##.##.#.#.#......#...# ##.
##.##..###..#.#[##...## #..
......## ##.#...#.....# ##.#
.#.##..# #.....##.....## #...
...##.#.#.#.#..#.##.##.# .##..#
.#..... ##..#.###.#.#.### .#...#
.####.#.#.##..#.###.###.# .##..[#
.####>#...##.##.@u5..8..##.#...##
......#...##.#.#.#######.#.#.###
##### #...#..#.##......5..##.#
).# #.....##.##.#.#.#.#.#..###
#)#####.....#.#.##.#.#.#.##....#
..)........##.#.##.......#....<#
...).......#.#.#.##.....##.....#
..........##.#.#.##.#.#.#......#
..#####...#.#.#.#.##.#.##......#


You could see a cyan ugly thing (combustible, ally target), a friendly lightning
spire (summoned) and a friendly crimson imp (summoned).

Vanquished Creatures
  A vampire mosquito (D:7)
  Edmund (D:6)
  A water moccasin (D:5)
  2 ogres
  A centaur (D:7)
  A kobold brigand (D:7)
  2 bullfrogs
  4 necrophages
  3 scorpions
  5 wights (D:7)
  A centaur zombie (D:6)
  3 jellies
  5 hounds
  A gnoll bouda (D:7)
  An iguana (D:4)
  An orc wizard (D:4)
  A sickly merfolk siren (Sewer)
  A malarious merfolk avatar (Sewer)
  A killer bee zombie (D:6)
  7 gnolls
  11 adders
  2 river rats (Sewer)
  A shadow imp (D:6)
  A white imp (D:5)
  A dart slug (D:2)
  20 orcs
  2 endoplasms
  2 giant cockroaches
  5 goblins
  3 hobgoblins
  2 jackals (D:5)
  7 kobolds
  2 quokkas
  5 ball pythons
  3 bats
  8 frilled lizards
  27 rats
145 creatures vanquished.

Vanquished Creatures (collateral kills)
  Terence (D:3)
  3 adders (D:2)
  A worm (D:2)
  A dart slug (D:2)
  3 orcs
  4 bats
  3 endoplasms
  A giant cockroach (D:1)
  3 hobgoblins
  3 kobolds
  A quokka (D:1)
  6 ball pythons
  3 goblins
  4 rats
37 creatures vanquished.

Grand Total: 182 creatures vanquished

Notes
Turn   | Place    | Note
-------+----------+-------------------------------------------
     0 | D:1      | BigDaddyOpFi the Djinni Summoner began the quest for the
                  | Orb.
     0 | D:1      | BigDaddyOpFi set off with the following spells memorised:
                  | Summon Small Mammal, Call Imp, Call Canine Familiar, Summon
                  | Guardian Golem, Summon Lightning Spire.
     0 | D:1      | Reached XP level 1. HP: 15/15 MP: 0/0
   112 | D:1      | Reached XP level 2. HP: 21/21 MP: 0/0
   322 | D:1      | Found Onamm's Antique Armour Boutique.
   628 | D:1      | Reached XP level 3. HP: 21/25 MP: 0/0
   628 | D:1      | Learned a level 1 spell: Magic Dart
  1399 | D:2      | Reached skill level 3 in Dodging
  1503 | D:2      | Reached XP level 4. HP: 29/31 MP: 0/0
  2216 | D:3      | Noticed Terence
  2229 | D:3      | Killed Terence
  2230 | D:3      | Reached XP level 5. HP: 34/35 MP: 0/0
  2230 | D:3      | Learned a level 2 spell: Scorch
  2408 | D:3      | Found the +1 cloak of Starlight {*Dazzle EV+4 Stlth--}
  2898 | D:4      | Found a glowing drain.
  2907 | Sewer    | Entered a sewer
  2929 | Sewer    | Reached skill level 4 in Dodging
  2980 | Sewer    | Reached XP level 6. HP: 32/40 MP: 0/0
  3620 | D:4      | Found a broken altar of Ashenzari.
  3665 | D:4      | Reached XP level 7. HP: 32/45 MP: 0/0
  3665 | D:4      | Learned a level 2 spell: Static Discharge
  4295 | D:4      | Reached skill level 5 in Dodging
  4570 | D:5      | Entered Level 5 of the Dungeon
  4824 | D:5      | Found Vonodol's Neck Hole.
  4885 | D:5      | Reached XP level 8. HP: 44/50 MP: 0/0
  5154 | D:5      | Reached skill level 5 in Spellcasting
  5288 | D:5      | Reached skill level 6 in Dodging
  5316 | D:5      | Reached skill level 5 in Stealth
  5633 | D:6      | Found Zin's Purification Station.
  5676 | D:6      | Found a glowing silver altar of Zin.
  5715 | D:6      | Found Usseuq's Distillery.
  5722 | D:6      | Noticed Edmund
  5729 | D:6      | Killed Edmund
  5922 | D:6      | Found a basalt altar of Yredelemnul.
  6091 | D:6      | Reached XP level 9. HP: 52/55 MP: 0/0
  6091 | D:6      | Learned a level 3 spell: Ignite Poison
  6218 | D:7      | Reached skill level 7 in Dodging
  6487 | D:7      | Noticed a cyan ugly thing
  6513 | D:7      | Reached skill level 8 in Dodging
  6515 | D:7      | Slain by a cyan ugly thing

Illustrated notes

Levels and vault maps discovered:
D:1:      psy_arrival_fountain, layout_basic, serial_shops,
          nicolae_shop_behind_doors, minmay_indecisive_spiral
D:2:      layout_rooms, basic_altar, nicolae_hexahallways
D:3:      layout_rooms, minmay_starry_boxes, uniq_terence
D:4:      layout_basic, overflow_temple_1_default,
          mainiacjoe_overflow_surrounded_room, portal_sewer_entry_d
D:5:      layout_basic, minmay_liquid_box, nicolae_shop_sticking_my_neck_out
D:6:      layout_loops_cross, zin_purify, lemuel_zombie_altar_yredelemnul,
          serial_shops, shop, grunt_ministairs_1, moated_statue, uniq_edmund
D:7:      minmay_the_grid_triangle_9x9_rhombus_thin
          [minmay_the_grid_triangle_9x9_warning,
          minmay_the_grid_triangle_9x9_prize_top_heavy,
          minmay_the_grid_triangle_9x9_stretched_checkered,
          minmay_the_grid_triangle_9x9_zippers_horizontal], layout_loops_cross,
          nicolae_ru_great_annihilating_truth, minitemple, temple_doors_ab,
          serial_shops, nicolae_shop_crystal, enter_bailey_2

Skill      XL: |  1  2  3  4  5  6  7  8  9 |
---------------+----------------------------+-----
Stealth        | 2 3 4 5 6 |  6.6
Dodging        | 3 4 5 6 8 |  8.0
Spellcasting   | 4 5 6 |  6.3

Action                     |  1- 3 |  4- 6 |  7- 9 || total
---------------------------+-------+-------+-------++-------
  Melee: War axe           |    16 |    73 |    24 ||   113
         Punch             |       |       |     1 ||     1
   Cast: Summon Small Mamm |    21 |     1 |     2 ||    24
         Call Imp          |     5 |     2 |     1 ||     8
         Magic Dart        |    22 |     4 |       ||    26
         Call Canine Famil |     5 |    12 |     1 ||    18
         Summon Lightning  |       |     2 |     1 ||     3
         Scorch            |       |    49 |   131 ||   180
    Use: Scroll            |       |     8 |     4 ||    12
   Stab: Sleeping          |       |     1 |       ||     1
         Invisible         |       |     6 |     2 ||     8
 Armour: Robe              |    11 |    24 |    16 ||    51
  Dodge: Dodged            |    23 |   115 |    85 ||   223

Table legend: (Time is in decaauts)
 A = Elapsed time spent in this place.
 B = Non-inter-level travel time spent in this place.
 C = Inter-level travel time spent in this place.
 D = Time resting spent in this place.
 E = Time spent auto-exploring this place.
 F = Levels seen in this place.
 G = Mean time per level.
                   A        B        C        D        E       F      G
               +--------+--------+--------+--------+--------+-----+--------+
         Total |   6568 |   6382 |    186 |     99 |   4885 |   8 |  821.0 |
       Dungeon |   5878 |   5692 |    186 |     13 |   4507 |   7 |  839.7 |
         Sewer |    689 |    689 |      0 |     86 |    378 |   1 |  689.0 |
               +--------+--------+--------+--------+--------+-----+--------+

Top non-repeatable levels by time:
     D:1: 1279 daAuts
     D:4: 1071 daAuts
     D:2: 888 daAuts
     D:5: 845 daAuts
     D:6: 782 daAuts
   Sewer: 689 daAuts
     D:3: 689 daAuts
     D:7: 322 daAuts
